 Dungeon Crawl Stone Soup version 0.31-a0-217-g58bb5d79cf (webtiles) character file.

Game seed: 17730344108124718775

130200 septik the Severer (level 16, -16/147 HPs)
             Began as a Minotaur Berserker on July 1, 2023.
             Was the Champion of Trog.
             Killed from afar by Mara (illusionary) (32 damage)
             ... with a bolt of fire
             ... on level 3 of the Spider Nest on July 2, 2023.
             The game lasted 01:09:12 (27179 turns).

septik the Severer (Minotaur Berserker)            Turns: 27179, Time: 01:09:12

Health: -16/147    AC: 29    Str: 36    XL:     16   Next: 52%
Magic:  15/15      EV: 12    Int:  8    God:    Trog [******]
Gold:   2158       SH:  0    Dex: 13    Spells: 15/15 levels left

rFire   . . .        z - +8 mithril axe "Arga" {speed, Will+}
rCold   . . .        F - orb {light}
rNeg    . . .        H - +2 crystal plate armour
rPois   +            J - +0 hat {Will+}
rElec   +            g - scarf "Konackeb" {harm, rElec Str+3 Slay+2 Stlth+}
rCorr   .            Y - +1 pair of gloves
SInv    .            (no boots)
Will    +++++        N - amulet of faith Stlth
                     n - ring of the Exiled Quests {Str+6 Int+4}
HPRegen 1.44/turn    X - ring of poison resistance
MPRegen 0.14/turn

%: harm (+30% outgoing, +20% incoming), faith
@: marked, strong-willed, on berserk cooldown, regenerating, slowed, glowing,
very slow
A: horns 2, retaliatory headbutt
a: Renounce Religion, Berserk, Trog's Hand, Brothers in Arms


You were on level 3 of the Spider Nest.
You worshipped Trog.
Trog was exalted by your worship.
You visited 5 branches of the dungeon, and saw 26 of its levels.
You also visited: Sewer and Bailey.

You collected 2560 gold pieces.
You spent 402 gold pieces at shops.

Inventory:

Hand Weapons
 r - the +8 broad axe of Insomnia {flame, rPois rN+}
   (Trog gifted it to you on level 5 of the Lair of Beasts)

   rPois:     It protects you from poison.
   rN:        It protects you from negative energy.
 z - the +8 mithril axe "Arga" (weapon) {speed, Will+}
   (You found it on level 5 of the Dungeon)

   Will:      It increases your willpower.
 U - a +0 war axe of protection
Missiles
 h - 215 stones (quivered)
 u - 25 poisoned darts
Armour
 a - a +0 troll leather armour
 g - the scarf "Konackeb" (worn) {harm, rElec Str+3 Slay+2 Stlth+}
   (You acquired it on level 5 of the Lair of Beasts)

   Str:       It affects your strength (+3).
   Slay:      It affects your accuracy & damage with ranged weapons and melee
   (+2).
   rElec:     It insulates you from electricity.
   Stlth:     It makes you more stealthy.
 F - an orb of light (worn)
 H - a +2 crystal plate armour (worn)
 I - a +0 tower shield of positive energy
 J - a +0 hat of willpower (worn)
 Y - a +1 pair of gloves (worn)
Jewellery
 k - a +5 ring of evasion
 n - the ring of the Exiled Quests (left hand) {Str+6 Int+4}
   (You found it on level 2 of the Dungeon)

   [ring of strength]

   Str:       It affects your strength (+6).
   Int:       It affects your intelligence (+4).
 B - a ring of fire
 C - a ring of ice
 N - an amulet of faith (around neck)
 R - a +5 ring of evasion
 X - a ring of poison resistance (right hand)
Wands
 s - a wand of iceblast (27)
 t - a wand of charming (13)
 A - a wand of mindburst (4)
 D - a wand of flame (12)
 L - a wand of light (20)
 Q - a wand of digging (4)
 S - a wand of polymorph (8)
Scrolls
 f - 14 scrolls of teleportation
 i - 5 scrolls of fog
 j - a scroll of vulnerability
 m - 2 scrolls of immolation
 o - a scroll of enchant armour
 p - 6 scrolls of enchant weapon
 y - 3 scrolls of poison
 E - a scroll of summoning {unknown}
 O - 2 scrolls of blinking
 T - 2 scrolls of fear
 Z - 3 scrolls of identify
Potions
 b - 5 potions of mutation
 c - 2 potions of resistance
 d - 6 potions of heal wounds
 e - 6 potions of enlightenment
 l - 18 potions of curing
 q - 5 potions of attraction
 v - a potion of might
 w - 4 potions of lignification
 x - 8 potions of haste
 K - a potion of cancellation
 M - a potion of invisibility
 W - a potion of ambrosia
Miscellaneous
 G - a piece from Xom's chessboard (15/15)


   Skills:
 - Level 14.8 Fighting
 - Level 18.0 Axes
 - Level 17.5 Armour
 - Level 13.3 Dodging
 + Level 16.4 Shields
 + Level 3.7 Evocations


You had 15 spell levels left.
You didn't know any spells.
Your spell library was empty.

Dungeon Overview and Level Annotations

Branches:
Dungeon (15/15)            Temple (0/1) D:7            Lair (5/5) D:10
  Swamp (0/4) Lair:3       Spider (3/4) Lair:3        Slime (1/5) Lair:4
    Orc (2/2) D:10            Elf (0/3) Orc:2        Vaults (0/5) D:13
 Depths (0/4) D:15          Sewer (visited)          Bailey (visited)

Altars:
Ashenzari
Dithmenos
Elyvilon
Fedhas
Kikubaaqudgha
Nemelex Xobeh
Ru
Trog
Vehumet
Xom
Zin
The Shining One
Jiyva

Shops:
Orc:1 (   Orc:2 *[=[!

Portals:
Trove: D:10 (give +3 shadow dragon scales)

Annotations:
Lair:3 exclusion: door
Spider:3 Mara


Innate Abilities, Weirdness & Mutations

You have a pair of horns on your head.
You reflexively headbutt those who attack you in melee.


Message History

You slice Mara!! You slash the demonic crawler! You slice Mara!!
You kill Mara!
Mara shimmers and vanishes!
You closely miss Mara. You headbutt Mara!!
Mara is moderately wounded.
You slash the demonic crawler!
You kill the demonic crawler!
Trog accepts your kill. Mara gestures at you. The bolt of fire hits you!!
* * * LOW HITPOINT WARNING * * *
You slice Mara!!
Mara is heavily wounded.
You hit Mara.
Mara is heavily wounded.
You open Mara like a pillowcase!!!
Mara is almost dead.
Mara blinks!
You are too berserk!
You feel a strong urge to attack something.
Mara weaves an illusion.
Mara shimmers and seems to become three!
An orb spider comes into view.
You open Mara like a pillowcase!!!
You kill Mara!
Mara shimmers and vanishes!
Mara blinks!
Mara blinks! x2
A tarantella comes into view.
You see here a redback corpse.
Unknown command.
You feel a strong urge to attack something.
You are no longer berserk.
You are exhausted.
You feel yourself slow down.
The orb spider spins a strand of pure energy.
Mara says, "What good are steel and magic against my illusions?"
Mara gestures at you. The bolt of fire hits you!!
You die...

####### ...
.......#.B
.......#
#....# #.##
##B.##
##†...#
###.†..^#
##R†@§...#
#....§..##
##.^...###
##.....##
######.s...##
##.....R....#
#...^....s.##
#######....#
#....#


You could see 2 Maras, 2 radroaches, an orb spider (charged) and a tarantella.

Vanquished Creatures
  Arachne (Spider:2)
  Jorgrun (Spider:1)
  Gastronok (D:8)
  Kirke (Lair:5)
  The ghost of gabibbone the Spry, an adept TeFi of Wu Jian (Spider:3)
  An emperor scorpion (Spider:2)
  2 ghost moths
  A broodmother (Spider:3)
  Azrael (Spider:1)
  3 dire elephants (Lair:5)
  A spark wasp (Spider:1)
  4 vault guards (D:13)
  3 hydras
  3 centaur warriors
  2 catoblepae (D:13)
  4 death knights
  A dancing weapon (Spider:3)
  8 boulder beetles
  4 two-headed ogres
  3 death yaks (Lair:5)
  2 tengu warriors (D:14)
  An orc high priest (Orc:2)
  3 demonic crawlers
  Amaemon (Lair:2)
  A skyshark (Lair:4)
  A spectral death yak (Lair:5)
  3 pharaoh ants (Spider:2)
  A spectral anaconda (Lair:5)
  An orb spider (Spider:1)
  A lindwurm (Lair:5)
  A bog body (Lair:3)
  An obsidian statue (Lair:5)
  A wolf spider zombie (D:15)
  2 steelbarb worms (Spider:1)
  An orc knight (Orc:2)
  5 necromancers
  A wizard (D:15)
  7 cyclopes
  5 manticores
  12 ugly things
  11 wolf spiders
  A manticore (shapeshifter) (D:13)
  7 orc sorcerers
  8 elephants
  3 moths of wrath
  A naga mage (D:15)
  A rust devil (D:14)
  5 black mambas
  3 orange demons
  A dire elephant zombie (Lair:5)
  3 torpor snails
  Joseph (D:7)
  10 cane toads
  5 gargoyles
  A komodo dragon (shapeshifter) (D:13)
  2 kobold demonologists (D:14)
  2 efreet
  2 unseen horrors
  4 rime drakes
  8 komodo dragons
  5 ice devils (D:14)
  2 freezing wraiths (D:15)
  2 red devils (D:14)
  5 trolls
  4 polar bears
  2 hellwings (D:14)
  22 tarantellas
  Grinder (D:5)
  6 hornets
  A meliai zombie (D:15)
  5 slime creatures
  6 jumping spiders
  A vampire (D:13)
  2 yaks (shapeshifter)
  9 spriggans (Lair:1)
  12 culicivoras
  3 wyverns
  4 wraiths
  A shadow (D:12)
  5 fire elementals (Spider:1)
  3 hogs (Lair:5)
  A dire elephant simulacrum (Lair:5)
  62 yaks
  A steam dragon (Lair:3)
  5 basilisks
  A steam dragon (shapeshifter) (D:15)
  2 neqoxecs (D:14)
  15 vampire mosquitoes
  A redback simulacrum (D:15)
  24 redbacks
  2 wargs (Orc:2)
  2 acid dragons
  2 hell hounds (Spider:1)
  13 water moccasins
  Duvessa (D:7)
  6 black bears
  30 orc warriors
  An elephant zombie (Lair:5)
  2 ice beasts
  4 wolves (Lair:1)
  7 centaurs
  5 boggarts (D:15)
  7 ogres
  An elephant skeleton (Lair:5)
  3 kobold brigands
  18 bullfrogs
  3 gnoll sergeants
  3 scorpions
  14 wights
  Dowan (D:7)
  An elephant simulacrum (Lair:5)
  19 killer bees
  4 howler monkeys
  3 hounds
  20 orc priests
  2 gnoll boudas
  4 jellies
  Crazy Yiuf (D:7)
  A sleepcap (D:8)
  Ijyb (D:5)
  An iguana (D:5)
  37 orc wizards
  A boggart skeleton (D:15)
  19 gnolls
  16 adders
  7 river rats (Sewer)
  2 ufetubi
  3 dart slugs
  3 worms
  78 orcs
  8 endoplasms
  4 giant cockroaches
  8 goblins
  6 hobgoblins
  8 jackals
  25 kobolds
  7 quokkas
  21 ball pythons
  7 bats
  3 frilled lizards
  37 rats
871 creatures vanquished.

Vanquished Creatures (collateral kills)
  4 hydras
  A skyshark (Lair:3)
  A cane toad (Lair:3)
  A rime drake (Lair:3)
  A blink frog (Lair:3)
  A yak (Lair:3)
  A wyvern (Lair:3)
  3 killer bees (D:7)
13 creatures vanquished.

Vanquished Creatures (others)
  A human (D:10)
1 creature vanquished.

Grand Total: 885 creatures vanquished

Notes
Turn   | Place    | Note
-------+----------+-------------------------------------------
     0 | D:1      | septik the Minotaur Berserker began the quest for the Orb.
     0 | D:1      | Reached XP level 1. HP: 19/19 MP: 0/0
   256 | D:1      | Reached XP level 2. HP: 23/27 MP: 1/1
   259 | D:1      | Reached skill level 4 in Axes
  1016 | D:1      | Reached XP level 3. HP: 33/33 MP: 2/2
  1310 | D:2      | Identified the ring of the Exiled Quests {Str+6 Int+4}
  1317 | D:2      | Reached ** piety under Trog
  1364 | D:2      | Found a faded altar of an unknown god.
  1615 | D:2      | Reached XP level 4. HP: 31/40 MP: 3/3
  1906 | D:3      | Noticed a scorpion
  1915 | D:3      | Killed a scorpion
  1916 | D:3      | Reached skill level 5 in Axes
  1916 | D:3      | Reached XP level 5. HP: 47/47 MP: 4/4
  2088 | D:3      | Found a sparkling altar of Nemelex Xobeh.
  2088 | D:3      | Found a white marble altar of Elyvilon.
  2090 | D:3      | Found a shimmering altar of Xom.
  2284 | D:3      | Found a broken altar of Ashenzari.
  2452 | D:4      | Found a glowing silver altar of Zin.
  2481 | D:4      | Reached *** piety under Trog
  2610 | D:4      | Found a bloodstained altar of Trog.
  2672 | D:4      | Reached XP level 6. HP: 55/55 MP: 5/5
  2681 | D:4      | Reached skill level 5 in Fighting
  2681 | D:4      | Reached skill level 6 in Axes
  2992 | D:5      | Entered Level 5 of the Dungeon
  3057 | D:5      | Reached XP level 7. HP: 61/61 MP: 6/6
  3117 | D:5      | Found a glowing drain.
  3127 | Sewer    | Entered a sewer
  3243 | Sewer    | Reached **** piety under Trog
  3318 | Sewer    | Reached skill level 7 in Axes
  3439 | Sewer    | Reached skill level 5 in Armour
  3557 | D:5      | Found the +8 mithril axe "Arga" {speed, Will+}
  3710 | D:5      | Noticed Grinder
  3719 | D:5      | Killed Grinder
  3720 | D:5      | Reached skill level 8 in Axes
  3720 | D:5      | Reached skill level 5 in Dodging
  3720 | D:5      | Reached XP level 8. HP: 70/70 MP: 7/7
  3774 | D:5      | Found a blossoming altar of Fedhas.
  3787 | D:5      | Noticed Ijyb
  3796 | D:5      | Killed Ijyb
  4157 | D:5      | Found a radiant altar of Vehumet.
  4338 | D:5      | Reached skill level 9 in Axes
  4822 | D:6      | Found a glowing golden altar of the Shining One.
  4854 | D:6      | Reached XP level 9. HP: 68/79 MP: 8/8
  5366 | D:7      | Noticed Duvessa
  5369 | D:7      | Noticed Dowan
  5375 | D:7      | Killed Duvessa
  5376 | D:7      | Killed Dowan
  5377 | D:7      | Reached skill level 10 in Axes
  5421 | D:7      | Found a staircase to the Ecumenical Temple.
  5476 | D:7      | Found a flagged portal.
  5506 | Bailey   | Entered a bailey
  5641 | Bailey   | Reached ***** piety under Trog
  6011 | D:7      | Reached skill level 11 in Axes
  6015 | D:7      | Reached skill level 1 in Shields
  6356 | D:7      | Found a runed translucent door.
  6357 | D:7      | Noticed Crazy Yiuf
  6468 | D:7      | Found a shadowy altar of Dithmenos.
  6484 | D:7      | Noticed Joseph
  6491 | D:7      | Reached XP level 10. HP: 90/90 MP: 9/9
  6497 | D:7      | Killed Joseph
  6714 | D:7      | Killed Crazy Yiuf
  6882 | D:8      | Reached skill level 12 in Axes
  7179 | D:8      | Noticed Gastronok
  7189 | D:8      | Killed Gastronok
  8129 | D:10     | Entered Level 10 of the Dungeon
  8208 | D:10     | Found a sacrificial altar of Ru.
  8222 | D:10     | Noticed a gargoyle
  8234 | D:10     | Reached XP level 11. HP: 97/97 MP: 10/10
  8241 | D:10     | Reached skill level 13 in Axes
  8303 | D:10     | Found a portal to a secret trove of treasure.
  8436 | D:10     | Reached skill level 5 in Shields
  8500 | D:10     | Noticed a two-headed ogre
  8505 | D:10     | Killed a two-headed ogre
  8717 | D:10     | Found an ancient bone altar of Kikubaaqudgha.
  8898 | D:10     | Found a staircase to the Orcish Mines.
  8954 | D:10     | Found a staircase to the Lair.
  9191 | Lair:1   | Entered Level 1 of the Lair of Beasts
  9421 | Lair:1   | Reached skill level 10 in Fighting
  9713 | Lair:1   | Reached skill level 10 in Armour
  9837 | Lair:1   | Reached skill level 14 in Axes
 10495 | Lair:2   | Noticed an eight-headed hydra
 10516 | Lair:2   | Killed an eight-headed hydra
 10517 | Lair:2   | Reached XP level 12. HP: 67/108 MP: 11/11
 10719 | Lair:2   | Noticed Amaemon
 10765 | Lair:2   | Killed Amaemon
 11296 | Lair:2   | Reached skill level 15 in Axes
 12084 | Lair:3   | Found a hole to the Spider Nest.
 12261 | Lair:3   | Noticed a six-headed hydra
 12266 | Lair:3   | Killed a six-headed hydra
 12267 | Lair:3   | Reached skill level 10 in Dodging
 12284 | Lair:3   | Noticed a six-headed hydra
 12306 | Lair:3   | Killed a six-headed hydra
 12672 | Lair:3   | Reached skill level 16 in Axes
 12705 | Lair:3   | Found a staircase to the Swamp.
 12948 | Lair:3   | Noticed an eight-headed hydra
 12956 | Lair:3   | Killed an eight-headed hydra
 13124 | Lair:3   | Noticed a boulder beetle
 13124 | Lair:3   | Noticed a six-headed hydra
 13134 | Lair:3   | Killed a ten-headed hydra
 13135 | Lair:3   | Reached XP level 13. HP: 117/117 MP: 12/12
 13596 | Lair:4   | Found a staircase to the Slime Pits.
 13598 | Lair:4   | Found a viscous altar of Jiyva.
 14574 | Lair:5   | Entered Level 5 of the Lair of Beasts
 14661 | Lair:5   | Noticed Kirke
 14880 | Slime:1  | Entered Level 1 of the Pits of Slime
 14924 | Lair:5   | Killed Kirke
 14929 | Lair:5   | Reached skill level 17 in Axes
 15072 | Lair:5   | Identified a scroll of acquirement
 15081 | Lair:5   | Acquired the scarf "Konackeb" {harm, rElec Str+3 Slay+2
                  | Stlth+}
 15440 | Lair:5   | Noticed a dire elephant
 15440 | Lair:5   | Noticed a dire elephant
 15441 | Lair:5   | Noticed a dire elephant
 15459 | Lair:5   | Found the +10 dark maul {heavy}
 15764 | Lair:5   | Reached skill level 10 in Shields
 15771 | Lair:5   | Identified the +8 broad axe of Insomnia {flame, rPois rN+}
                  | (Trog gifted it to you on level 5 of the Lair of Beasts)
 15771 | Lair:5   | Received a gift from Trog
 15772 | Lair:5   | Reached XP level 14. HP: 129/129 MP: 13/13
 16433 | Lair:5   | Identified the +0 kite shield of Yfurph {Fly rN+ Int+3
                  | SInv}
 16478 | Lair:5   | Reached skill level 18 in Axes
 16505 | Lair:5   | Upgraded the game from 0.31-a0-214-gb37851dbb3 to
                  | 0.31-a0-217-g58bb5d79cf
 18743 | D:13     | Found a gate to the Vaults.
 18768 | D:13     | Received a gift from Trog
 19857 | Orc:1    | Entered Level 1 of the Orcish Mines
 20198 | Orc:2    | Entered Level 2 of the Orcish Mines
 20277 | Orc:2    | Found Pyunetz's Distillery.
 20317 | Orc:2    | Received a gift from Trog
 20325 | Orc:2    | Reached XP level 15. HP: 103/139 MP: 14/14
 20387 | Orc:2    | Found Baatzin's Armour Emporium.
 20387 | Orc:2    | Found Maxes's Antique Armour Shoppe.
 20390 | Orc:2    | Found Peuddi's Assorted Antiques.
 20392 | Orc:2    | Found Onyuhio's Jewellery Emporium.
 20454 | Orc:2    | Bought a coral ring for 155 gold pieces
 20457 | Orc:2    | Bought a pair of glowing gloves for 247 gold pieces
 20774 | Orc:2    | Found a staircase to the Elven Halls.
 21038 | Orc:1    | Found Sooghad's Antique Weapon Shop.
 21052 | Orc:1    | Reached ****** piety under Trog
 21052 | Orc:1    | Identified the +6 war axe of Odesur {heavy, rPois rN+
                  | Dex-3} (Trog gifted it to you on level 1 of the Orcish
                  | Mines)
 21052 | Orc:1    | Received a gift from Trog
 22178 | D:14     | Reached skill level 15 in Armour
 22784 | D:15     | Entered Level 15 of the Dungeon
 22951 | D:15     | Identified the +4 quarterstaff of the Blessed Realm {holy,
                  | *Corrode rF+ Str+4}
 23426 | D:15     | Received a gift from Trog
 23489 | D:15     | Found a staircase to the Depths.
 23878 | Spider:1 | Entered Level 1 of the Spider Nest
 24008 | Spider:1 | Noticed Azrael
 24020 | Spider:1 | Killed Azrael
 24424 | Spider:1 | Identified the +9 quarterstaff "Awkaissi" {heavy, *Corrode
                  | rElec rPois Will++}
 24666 | Spider:1 | Received a gift from Trog
 24754 | Spider:1 | Reached XP level 16. HP: 139/147 MP: 15/15
 25069 | Spider:1 | Reached skill level 15 in Shields
 25105 | Spider:1 | Noticed Jorgrun
 25114 | Spider:1 | Killed Jorgrun
 25776 | Spider:2 | Noticed Arachne
 25801 | Spider:2 | Killed Arachne
 25801 | Spider:2 | Received a gift from Trog
 26426 | Spider:2 | Reached skill level 1 in Evocations
 26884 | Spider:3 | Found a runed translucent door.
 26884 | Spider:3 | Found a shimmering altar of Xom.
 26884 | Spider:3 | Noticed gabibbone's ghost (adept TeFi)
 26941 | Spider:3 | Killed gabibbone's ghost
 27143 | Spider:3 | Noticed Mara
 27179 | Spider:3 | Killed from afar by Mara (illusionary)

Illustrated notes

Levels and vault maps discovered:
D:1:      ldierk_walled_garden, layout_basic
D:2:      layout_basic, ebering_ecumenical_altar_rust
D:3:      layout_rooms, mainiacjoe_overflow_catwalk,
          gammafunk_temple_overflow_forgotten, minmay_surrounded
D:4:      layout_rooms, lemuel_round_altar, mainiacjoe_overflow_cross_hatched
D:5:      layout_basic, general_overflow_altar, kennysheep_mini,
          cheibrodos_sewer_entry_drain, uniq_ijyb, uniq_grinder
D:6:      layout_gridville, tso_metal_star, grunt_ministairs_1,
          hangedman_abyss_or_decor_jellyfish_corner
D:7:      layout_cave_pods, mainiacjoe_overflow_surrounded_room,
          minmay_temple_entry_offerings, enter_bailey_5, uniq_joseph,
          uniq_crazy_yiuf_cottage, uniq_duvessa
D:8:      layout_loops_ring, grunt_ministairs_10, uniq_gastronok
D:9:      layout_roguey
D:10:     hellmonk_ruined_rings, layout_layer_cave, tgw_kikubaaqudgha,
          nicolae_ru_sacrificial_ziggurat, david_lair_shrubbed, orc_0_dummy,
          enter_trove_2
D:11:     layout_basic
D:12:     layout_rooms, lemuel_old_faithful
D:13:     layout_loops_ring, lightli_vaults_fourway_checkpoint,
          nicolae_letterblocks [nicolae_letter_subblock,
          nicolae_letter_subblock, nicolae_letter_subblock,
          nicolae_letter_subblock, nicolae_letter_subblock,
          nicolae_letter_subblock, nicolae_letter_subblock,
          nicolae_letter_subblock, nicolae_letter_subblock,
          nicolae_letter_subblock, nicolae_letter_subblock,
          nicolae_letter_subblock, nicolae_letter_subblock,
          nicolae_letter_subblock, nicolae_letter_subblock,
          nicolae_letter_subblock, nicolae_letter_subblock,
          nicolae_letter_subblock, nicolae_letter_subblock,
          nicolae_letter_subblock, nicolae_letter_subblock,
          nicolae_letter_subblock, nicolae_letter_subblock,
          nicolae_letter_subblock, nicolae_letter_subblock]
D:14:     layout_loops_cross, serial_demonic, serial_demonic_a,
          serial_demonic_g, serial_demonic_d, serial_demonic_a,
          hangedman_decor_lopped
D:15:     grunt_enter_depths_magical_seal, layout_rooms
Lair:1:   kb_forest_paths, layout_hall_layers
Lair:2:   layout_long_grid, uniq_amaemon
Lair:3:   layout_cave_pods, skrybe_swamp_entry_bodies, spider_nest_entry_rubble,
          minmay_shattered_shrine
Lair:4:   layout_hall_layers, minmay_slime_entry_pillars, beast_lair_carwin_2,
          infiniplex_staircase_pool
Lair:5:   due_jungle_book, layout_gridlike, serial_forest,
          infiniplex_forest_clump_diagonal, infiniplex_forest_lined_2,
          infiniplex_forest_straight_2, infiniplex_forest_lined_2,
          infiniplex_forest_clump_double, infiniplex_forest_lined_room_,
          infiniplex_forest_lined_2, uniq_kirke
Spider:1: layout_chambers, uniq_jorgrun, uniq_azrael
Spider:2: layout_spider_delve, spiders_nest_hornet_nest, uniq_arachne
Spider:3: layout_cave_pods, ebering_ghost_xom, nicolae_spider_orb_run, uniq_mara
Slime:1:  layout_caves
Orc:1:    layout_caves, serial_shops, nicolae_shop_overgrown_old_shop,
          basic_altar
Orc:2:    st_orc_mages, layout_caves, serial_shops, shop

Skill      XL: |  1  2  3  4  5  6  7  8  9 10 11 12 13 14 15 16 |
---------------+-------------------------------------------------+-----
Axes           | 4 5 6 8 9 11 12 14 16 17 18 | 18.0
Fighting       | 4 5 6 7 8 9 10 11 13 14 | 14.8
Armour         | 3 4 5 6 8 9 10 11 12 14 16 17 | 17.5
Dodging        | 3 4 5 6 7 8 9 10 11 12 13 | 13.3
Shields        | 2 4 6 8 10 11 14 16 | 16.4
Evocations     | 3 |  3.7

Action                     |  1- 3 |  4- 6 |  7- 9 | 10-12 | 13-15 | 16-18 || total
---------------------------+-------+-------+-------+-------+-------+-------++-------
  Melee: Hand axe          |    74 |   111 |   107 |       |       |       ||   292
         Headbutt          |     4 |    15 |    30 |    75 |   242 |    53 ||   419
         Punch             |       |     3 |     1 |     2 |       |       ||     6
         Broad axe         |       |       |   156 |   358 |   780 |   190 ||  1484
  Throw: Stone             |     7 |     9 |       |     6 |     3 |       ||    25
 Invoke: Berserk           |       |     3 |     5 |     3 |     7 |     3 ||    21
         Trog's Hand       |       |       |     4 |     2 |     2 |     3 ||    11
         Brothers in Arms  |       |       |     1 |     9 |       |       ||    10
  Evoke: Wand              |       |       |       |       |       |     1 ||     1
    Use: Scroll            |       |     9 |     1 |       |    23 |     2 ||    35
   Stab: Sleeping          |     1 |     1 |       |       |       |       ||     2
         Distracted        |       |       |       |     1 |       |       ||     1
 Armour: Animal skin       |    12 |     8 |       |       |       |       ||    20
         Chain mail        |       |    38 |    87 |       |       |       ||   125
         Crystal plate arm |       |       |    24 |   186 |   317 |    60 ||   587
  Dodge: Dodged            |    61 |    79 |   139 |   118 |   256 |    51 ||   704

Table legend: (Time is in decaauts)
 A = Elapsed time spent in this place.
 B = Non-inter-level travel time spent in this place.
 C = Inter-level travel time spent in this place.
 D = Time resting spent in this place.
 E = Time spent auto-exploring this place.
 F = Levels seen in this place.
 G = Mean time per level.
                   A        B        C        D        E       F      G
               +--------+--------+--------+--------+--------+-----+--------+
         Total |  26789 |  25364 |   1425 |   2660 |  18132 |  28 |  956.8 |
       Dungeon |  14042 |  13323 |    719 |   1222 |  10149 |  15 |  936.1 |
          Lair |   7380 |   6816 |    564 |    904 |   4730 |   5 | 1476.0 |
   Spider Nest |   3188 |   3145 |     43 |    457 |   2047 |   3 | 1062.7 |
    Slime Pits |      1 |      1 |      0 |      0 |      0 |   1 |    1.0 |
  Orcish Mines |   1365 |   1267 |     98 |     11 |    984 |   2 |  682.5 |
         Sewer |    444 |    444 |      0 |     65 |    192 |   1 |  444.0 |
        Bailey |    365 |    365 |      0 |      0 |     29 |   1 |  365.0 |
               +--------+--------+--------+--------+--------+-----+--------+

Top non-repeatable levels by time:
  Lair:3: 1709 daAuts
  Lair:5: 1636 daAuts
Spider:1: 1618 daAuts
  Lair:2: 1568 daAuts
    D:13: 1522 daAuts
  Lair:1: 1356 daAuts
Spider:2: 1322 daAuts
    D:11: 1233 daAuts
     D:1: 1176 daAuts
    D:10: 1116 daAuts
  Lair:4: 1110 daAuts
    D:14: 1099 daAuts
     D:5: 1095 daAuts
     D:7: 1007 daAuts
    D:15: 928 daAuts
